 Dungeon Crawl Stone Soup version 0.20.1-1-g8b1a95d (webtiles) character file.

60 pstr the Conjurer (level 4, -2/24 HPs)
             Began as a Kobold Conjurer on Nov 29, 2017.
             Was an Initiate of Qazlal.
             Slain by a black bear (3 damage)
             ... created by the rage of Trog
             ... on level 2 of the Dungeon.
             The game lasted 00:05:29 (2458 turns).

pstr the Conjurer (Kobold Conjurer)                 Turns: 2458, Time: 00:05:30

Health: -2/24      AC:  2    Str:  5    XL:     4   Next: 25%
Magic:  7/7        EV: 15    Int: 17    God:    Qazlal [......]
Gold:   91         SH:  0    Dex: 15    Spells: 5/8 levels left

rFire    . . .     SeeInvis .   n - +0 club
rCold    . . .     Gourm    .   (shield restricted)
rNeg     . . .     Faith    .   a - +0 robe
rPois    .         Spirit   .   (no helmet)
rElec    .         Reflect  .   (no cloak)
rCorr    .         Harm     .   (no gloves)
MR       .....                  (no boots)
Stlth    +++.......             (no amulet)
Regen    0.1/turn               (no ring)
MPRegen  0.1/turn               (no ring)

@: no status effects
A: carnivore 3
a: Renounce Religion


You were on level 2 of the Dungeon.
You worshipped Qazlal.
Qazlal was noncommittal.
You were not hungry.

You visited 1 branch of the dungeon, and saw 2 of its levels.

You collected 91 gold pieces.

Inventory:

Hand Weapons
 n - a +0 club (weapon)
Missiles
 d - 53 stones (quivered)
Armour
 a - a +0 robe (worn)
 o - a cursed -2 ring mail
Scrolls
 e - a scroll of enchant armour {unknown}
 f - 6 scrolls of identify {unknown}
 g - a scroll of teleportation {unknown}
 k - 3 scrolls of fog {unknown}
 l - a scroll of fear {unknown}
Potions
 h - a potion of heal wounds
 i - a potion of agility {unknown}
 j - a potion of brilliance {unknown}
Books
 b - a book of Conjurations

   Spells                             Type                      Level
   a - Magic Dart                     Conjuration                  1
   b - Searing Ray                    Conjuration                  2
   c - Dazzling Spray                 Conjuration/Hexes            3
   d - Fulminant Prism                Conjuration/Hexes            4
   e - Force Lance                    Conjuration/Translocation    4
   f - Iskenderun's Mystic Blast      Conjuration                  4
Comestibles
 c - a meat ration


   Skills:
 + Level 2.8 Dodging
 + Level 3.9 Stealth
 + Level 0.4 Unarmed Combat
 - Level 2.5 Spellcasting
 - Level 4.6 Conjurations


You had 5 spell levels left.
You knew the following spells:

 Your Spells              Type           Power        Failure   Level  Hunger
a - Magic Dart            Conj           ###.         2%          1    #......
b - Searing Ray           Conj           ###...       4%          2    ##.....


Dungeon Overview and Level Annotations

Branches:
Dungeon (2/15)

Altars:
Kikubaaqudgha
Qazlal
Trog


Innate Abilities, Weirdness & Mutations

You are small and have problems with some larger weapons.
You are carnivorous and can eat meat at any time.


Message History

Qazlal accepts your kill.
You see here a ring mail.
o - a ring mail You start resting.
Trog sends monsters to punish you.
A polar bear and 4 black bears come into view.
There are monsters nearby!
It was a potion of magic.
Magic courses through your body. The black bear misses you.
The black bear claws you. The black bear closely misses you.
The black bear rages.
The black bear rages.
The black bear bites you. The black bear claws you.
The black bear claws you but does no damage.
The black bear rages.
The black bear bites you. The black bear claws you!
* * * LOW HITPOINT WARNING * * *
The black bear misses you. The black bear barely misses you.
The black bear claws you.
You die...

#####.#.# #.....#.#######
#.#####.......#
#.....#######.# #
#####..##.#######.#######.##.
.............................
#......##.#.#####.#.#......#
#.####.##.#.#####.#.#.####.#
.......<........@hhh#.#
..####.##.#.......#hh.####.##
.....#.##(#########..........
...#.#.##.. .........####.##
####.#.##### ########.#
...#....# #.# ._.###### #.#
...# ............... ...#
......##..##.##


You could see a polar bear (berserk) and 4 black bears.

Vanquished Creatures
  2 adders (D:2)
  An ooze (D:2)
  2 dart slugs (D:1)
  A leopard gecko (D:1)
  A giant cockroach (D:1)
  A goblin (D:1)
  2 hobgoblins (D:1)
  7 jackals (D:2)
  A quokka (D:2)
  7 bats
  3 frilled lizards
  A kobold (D:2)
  5 rats
34 creatures vanquished.

Notes
Turn   | Place    | Note
-------+----------+-------------------------------------------
     0 | D:1      | pstr the Kobold Conjurer began the quest for the Orb.
     0 | D:1      | Reached XP level 1. HP: 10/10 MP: 3/3
   561 | D:1      | Reached XP level 2. HP: 8/15 MP: 0/5
   583 | D:1      | Learned a level 2 spell: Searing Ray
  1191 | D:2      | Reached XP level 3. HP: 19/19 MP: 0/6
  1352 | D:2      | Found a stormy altar of Qazlal.
  1365 | D:2      | Found a bloodstained altar of Trog.
  1580 | D:2      | Found a faded altar of an unknown god.
  1585 | D:2      | Became a worshipper of Trog the Wrathful
  1585 | D:2      | Reached * piety under Trog
  1690 | D:2      | Was placed under penance by Trog
  1752 | D:2      | Fell from the grace of Trog
  1752 | D:2      | Became a worshipper of Qazlal Stormbringer
  1898 | D:2      | Found an ancient bone altar of Kikubaaqudgha.
  1910 | D:2      | Reached XP level 4. HP: 13/24 MP: 0/7
  2454 | D:2      | Noticed a black bear
  2454 | D:2      | Noticed a black bear
  2454 | D:2      | Noticed a polar bear
  2454 | D:2      | Noticed a black bear
  2454 | D:2      | Noticed a black bear
  2457 | D:2      | HP: 1/24 [black bear[the rage of Trog] (7)]
  2458 | D:2      | Slain by a black bear

Skill      XL: |  1  2  3 |
---------------+----------+-----
Stealth        | 3 |  3.9
Dodging        | |  2.8
Unarmed Combat | |  0.4
Spellcasting   | |  2.5
Conjurations   | |  4.6

Action                   |  1- 3 |  4- 6 || total
-------------------------+-------+-------++-------
Melee: Unarmed           |    16 |       ||    16
       Club              |       |     4 ||     4
 Cast: Magic Dart        |    41 |    15 ||    56
       Searing Ray       |     8 |     2 ||    10
  Use: Potion            |     1 |     1 ||     2
  Eat: Chunk             |     3 |     3 ||     6
Armor: Robe              |     3 |     2 ||     5
Dodge: Dodged            |    45 |    20 ||    65
